AoeStats
← Kasiopex

Arabia

506516229Analyzed
1v1 RM · 20d ago on Sep 13, 2026· 73m 41s· 2 players
Game mode
Random Map
Map size
Tiny (2 player)
Population
200
Speed
Normal
Resources
Standard
Victory
Conquest
Starting age
Dark Age
Ending age
Imperial Age
RankedLock teamsTeams togetherTeam positionsShared explorationLock speedFull tech treeHidden civsTurbo modeCheats
Victory
Defeat
🇹🇷 Britons · Türkiye
454
+10
🇲🇽 Khmer · Mexico
317
-10
Kasiopex
1:07 Loom
11:17 Feudal Age
12:36 Wheelbarrow
12:50 Double-Bit Axe
16:47 Town Watch
16:48 Horse Collar
16:32 Man-at-Arms
19:02 Arson
20:38 Stone Mining
27:12 Castle Age
27:17 Crossbowman
27:20 Elite Skirmisher
28:31 Hand Cart
27:40 Pikeman
28:15 Gold Mining
30:26 Bow Saw
35:37 Town Patrol
36:04 Ballistics
36:23 Fletching
36:35 Padded Archer Armor
41:27 Imperial Age
39:41 Bodkin Arrow
41:41 Gold Shaft Mining
41:51 Stone Shaft Mining
42:15 Leather Archer Armor
42:46 Conscription
44:04 Double Crossbow
43:30 Heavy Scorpion
44:27 Murder Holes
45:33 Chemistry
45:42 Elite Ballista Elephant
46:23 Tusk Swords
47:40 Fervor
52:22 Elite Battle Elephant
53:14 Bloodlines
53:22 Bloodlines
53:30 Husbandry
volkan8482
12:01 Feudal Age
13:19 Wheelbarrow
12:34 Double-Bit Axe
12:32 Horse Collar
13:37 Gold Mining
14:08 Stone Mining
20:33 Fletching
20:44 Padded Archer Armor
25:03 Castle Age
26:01 Hand Cart
26:02 Bow Saw
25:57 Heavy Plow
26:37 Gold Shaft Mining
27:25 Husbandry
27:09 Light Cavalry
27:24 Crossbowman
30:24 Ballistics
30:58 Bodkin Arrow
31:18 Leather Archer Armor
36:04 Imperial Age
37:14 Bracer
37:45 Ring Archer Armor
36:38 Arbalester
36:46 Cavalier
42:44 Two-Man Saw
41:29 Elite Longbowman
44:37 Yeomen
Connection lost

Rejoining the realm…

Still unreachable

The connection could not be restored.

Session expired

The server has moved on; the page needs a fresh start.